 Dungeon Crawl Stone Soup version 0.26-a0-259-g1effd001a9 (webtiles) character file.

Game seed: 1885986833097588189

168 HoaS the Ruffian (level 5, 0/33 HPs)
             Began as a Gargoyle Gladiator on July 25, 2020.
             Slain by Grinder (2 damage)
             ... on level 3 of the Dungeon.
             The game lasted 00:04:31 (1691 turns).

HoaS the Ruffian (Gargoyle Gladiator)               Turns: 1691, Time: 00:04:32

Health: 0/33       AC: 12    Str: 19    XL:     5   Next: 49%
Magic:  5/5        EV: 10    Int:  8    God:
Gold:   175        SH:  0    Dex: 11    Spells: 4/4 levels left

rFire    . . .     SeeInvis +     - Unarmed
rCold    . . .     Faith    .   (no shield)
rNeg     + . .     Spirit   .   h - +0 scale mail (curse)
rPois    ∞         Reflect  .   j - +0 helmet {SInv}
rElec    +         Harm     .   (no cloak)
rCorr    .                      (no gloves)
MR       .....                  f - +0 pair of boots
Stlth    ..........             (no amulet)
HPRegen  0.11/turn              (no ring)
MPRegen  0.09/turn              (no ring)

@: no status effects
A: negative energy resistance 1, electricity resistance, unbreathing,
petrification resistance, rot immunity, AC +4
a: no special abilities


You were on level 3 of the Dungeon.
You were not hungry.

You visited 1 branch of the dungeon, and saw 3 of its levels.

You collected 175 gold pieces.

Inventory:

Missiles
 c - 3 throwing nets (quivered)
 i - a poisoned dart
 k - 4 atropa-tipped darts
Armour
 f - a +0 pair of boots (worn)
 h - a cursed +0 scale mail (worn)
 j - a +0 helmet of see invisible (worn)
Jewellery
 g - an uncursed ring of protection from magic {unknown}
Wands
 l - a wand of enslavement (6)
Scrolls
 e - a scroll of identify
Potions
 a - a potion of berserk rage
 b - a potion of flight
 m - a potion of lignification {unknown}
Comestibles
 d - a ration


   Skills:
 + Level 3.8 Fighting
 - Level 1.7 Throwing
 - Level 2.4 Dodging
 * Level 5.2 Unarmed Combat


You had 4 spell levels left.
You didn't know any spells.
Your spell library was empty.

Dungeon Overview and Level Annotations

Branches:
Dungeon (3/15)

Altars:
Okawaru
Vehumet

Annotations:
D:3 Grinder


Innate Abilities, Weirdness & Mutations

You are resistant to torment.
Your stone body is resilient. (AC +4)
You are immune to poison.
You resist negative energy. (rN+)
You are resistant to electric shocks. (rElec)
You can survive without breathing.
You are immune to petrification.
You are immune to rotting.


Message History

You barely miss Grinder.
Grinder is severely wounded.
Grinder says, "Don't move a muscle."
Grinder gestures at you. Pain shoots through your body!
* * * LOW HITPOINT WARNING * * *
You hit Grinder.
Grinder is almost dead.
Grinder hits you.
* * * LOW HITPOINT WARNING * * *
Your scale mail prevents you from hitting Grinder.
Grinder is almost dead.
Grinder hits you but does no damage.
You hit Grinder but do no damage.
Grinder is almost dead.
Grinder closely misses you.
You hit Grinder.
Grinder is almost dead.
Grinder hits you.
You die...

### #.. ..# #.# #^# ### #.#
#.###########.## #.#####
#.#..........#.# #.##..#
#.#..###.####.####
#.##..###@#..# #.# #......
#.##......5..# #.# #.....#
#.##.####.#.## #.###......
#.#...###.#.# #.##.......
#.........#.# ...........
#.......###.# #..##.......
#.##.##.###.#...........†.
##.##.##.##........###.....
##....................##....


You could see Grinder (strong).

Vanquished Creatures
  Jessica (D:2)
  Robin (D:2)
  3 adders
  An ooze (D:2)
  2 worms (D:2)
  3 dart slugs
  5 leopard geckos
  A ball python (D:1)
  3 giant cockroaches
  17 goblins
  11 hobgoblins
  3 jackals (D:2)
  2 quokkas (D:2)
  8 bats
  5 frilled lizards
  7 kobolds
  8 rats
81 creatures vanquished.

Notes
Turn   | Place    | Note
-------+----------+-------------------------------------------
     0 | D:1      | HoaS the Gargoyle Gladiator began the quest for the Orb.
     0 | D:1      | Reached XP level 1. HP: 12/12 MP: 1/1
   106 | D:1      | Reached XP level 2. HP: 18/18 MP: 2/2
   294 | D:1      | Reached XP level 3. HP: 22/22 MP: 3/3
   642 | D:2      | Reached skill level 4 in Unarmed Combat
   929 | D:2      | Reached XP level 4. HP: 24/28 MP: 4/4
  1042 | D:2      | Found an iron altar of Okawaru.
  1143 | D:2      | Noticed Jessica
  1147 | D:2      | Killed Jessica
  1147 | D:2      | Reached XP level 5. HP: 32/32 MP: 5/5
  1232 | D:2      | Found a radiant altar of Vehumet.
  1405 | D:3      | Reached skill level 5 in Unarmed Combat
  1408 | D:3      | Noticed Robin
  1494 | D:2      | Killed Robin
  1673 | D:3      | Noticed Grinder
  1691 | D:3      | Slain by Grinder

Illustrated notes

Levels and vault maps discovered:
D:1:      matt_arrival_grand_opening, layout_basic
D:2:      layout_rooms, vehumet_crystals, kennysheep_okawaru_gauntlet,
          uniq_jessica
D:3:      layout_loops_ring, grunt_temple_overflow_opulence,
          nicolae_overflow_hidden_temple, cheibrodos_ashenzari_chains,
          minmay_liquid_box, uniq_grinder, uniq_robin, uniq_crazy_yiuf_cottage

Skill      XL: |  1  2  3  4  5 |
---------------+----------------+-----
Unarmed Combat | 4 5 |  5.2
Fighting       | 3 |  3.8
Throwing       | |  1.7
Dodging        | |  2.4

Action                   |  1- 3 |  4- 6 || total
-------------------------+-------+-------++-------
Melee: Unarmed           |   153 |   140 ||   293
       Punch             |     1 |     4 ||     5
Throw: Dart              |       |    18 ||    18
  Use: Scroll            |     2 |     2 ||     4
  Eat: Ration            |       |     1 ||     1
Armor: Leather armour    |    11 |       ||    11
       Ring mail         |    10 |       ||    10
       Scale mail        |    44 |    64 ||   108
Dodge: Dodged            |    85 |    76 ||   161

Table legend:
 A = Non-vault XP
 B = Vault XP
 C = Vault XP percentage of total XP
 D = Non-vault monster count
 E = Vault monster count
 F = Vault count percentage of total count
                 A         B        C        D         E       F
            +---------+---------+-------+---------+---------+-------
      Total |     167 |      74 |  30.7 |      67 |      14 |  17.3
            +---------+---------+-------+---------+---------+-------
        D:1 |      43 |       0 |   0.0 |      25 |       0 |   0.0
        D:2 |      98 |      67 |  40.6 |      35 |      10 |  22.2
        D:3 |      26 |       7 |  21.2 |       7 |       4 |  36.4
            +---------+---------+-------+---------+---------+-------
